Cogmind - Beta 14 @@@ ROGUE MODE // 2025.05.02 @ 14:48:04 Player: Quartz Result: Destroyed by YI-UF0 with YI-UF0's Doublenader Performance ------------- Evolutions (0) 0 Regions Visited (4) 800 Robots Destroyed (20) 100 Value Destroyed (458) 458 Prototype IDs (23) 460 Alien Tech Used (0) 0 Bonus (300) 300 TOTAL SCORE: 2118 Bonus ------- Aligned with FarCom 300 Cogmind --------- Core Integrity 0/250 Matter 285/300 Energy 51/100 System Corruption 0% Temperature Cool (5) Movement Core (700) Ox13 Location -9/Mines Parts ------- > --- POWER (1) -------- (None) > --- PROPULSION (2) --- (None) > --- UTILITY (2) ------ High-capacity Storage Unit Skeleton Box > --- WEAPON (2) ------- (None) > --- INVENTORY (20) --- Heat Sink Large Storage Unit Large Storage Unit High-capacity Storage Unit High-capacity Storage Unit Humpback Medium Battery (150) Medium Battery (150) Medium Battery (150) Small Matter Pod (50) Medium Matter Pod (100) Medium Matter Pod (45) Large Matter Pod (150) Large Matter Pod (0) Large Matter Pod (150) Weapon Shielding Light Assault Rifle Peak State ------------ > --- POWER ------------ Light Nuclear Core > --- PROPULSION ------- Aluminum Leg Aluminum Leg > --- UTILITY ---------- High-capacity Storage Unit Skeleton Box > --- WEAPON ----------- Particle Gun Beam Cannon > --- INVENTORY -------- Heat Sink Large Storage Unit Large Storage Unit High-capacity Storage Unit High-capacity Storage Unit Humpback Medium Battery Medium Battery Medium Battery Small Matter Pod Small Matter Pod Small Matter Pod Medium Matter Pod Large Matter Pod Large Matter Pod Large Matter Pod Weapon Shielding EM Pulse Gun Light Assault Rifle [Rating: 17] Favorites ----------- Power Light Nuclear Core Engine Light Ion Engine Power Core Light Nuclear Core Propulsion Aluminum Leg Leg Aluminum Leg Utility Humpback Device Skeleton Box Storage Humpback Protection Weapon Shielding Weapon Particle Gun Energy Gun Particle Gun Energy Cannon Beam Cannon Ballistic Gun Light Assault Rifle Launcher Grenade Launcher Special Weapon Mining Laser Build | -11 -10 -10 -10 -9 ------- Run | Yrd Mat Min Exi Min Slots Evolved . | . . . . . Power . | . . . . . Propulsion . | . . . . . Utility . | . . . . . Weapon . | . . . . . Parts Attached 27 | 8 4 7 3 5 Power 2 | 1 . 1 . . Engine 1 | 1 . . . . Core 1 | . . 1 . . Reactor . | . . . . . Propulsion 5 | 2 . 1 . 2 Treads . | . . . . . Leg 5 | 2 . 1 . 2 Wheel . | . . . . . Hover . | . . . . . Flight . | . . . . . Utility 8 | 2 . 3 3 . Device 3 | 1 . 1 1 . Storage 4 | 1 . 1 2 . Processor . | . . . . . Hackware . | . . . . . Protection 1 | . . 1 . . Artifact . | . . . . . Weapon 12 | 3 4 2 . 3 Energy Gun 3 | 1 . 1 . 1 Energy Cannon 2 | . . 1 . 1 Ballistic Gun 4 | 2 2 . . . Ballistic Cannon . | . . . . . Launcher 1 | . . . . 1 Special Weapon 2 | . 2 . . . Impact Weapon . | . . . . . Slashing Weapon . | . . . . . Piercing Weapon . | . . . . . Special Melee Weapon . | . . . . . Unidentified Prototypes 1 | . . . 1 . Parts Lost 10 | . 2 1 . 7 Power 1 | . . . . 1 Propulsion 2 | . . . . 2 Utility 1 | . 1 . . . Weapon 6 | . 1 1 . 4 Highest Loss Streak 7 | . 1 1 . 7 To Critical Strikes . | . . . . . Average Slot Usage (%) 87 | . 98 89 86 94 Engine 1 | . 14 6 . . Core 12 | . . 8 14 12 Leg 27 | . 28 28 28 25 Device 2 | . 14 . 1 14 Storage 13 | . 14 13 13 14 Energy Gun 12 | . . 5 14 14 Energy Cannon 12 | . . 5 14 7 Ballistic Gun 1 | . 13 14 . . Peak Build Rating 17 | 9 9 10 17 17 Average Rating 11 | 4 8 7 11 16 On Entrance 8 | . 9 6 10 17 Naked Turns . | . . . . . Heaviest Build 211 | 9 9 15 211 53 Greatest Support 20 | 20 20 20 20 20 Greatest Overweight (x) 10 | . . . 10 5 Average Overweight (x) 4 | . . . 7 2 Largest Inventory Capacity 35 | 5 5 5 35 20 Average Capacity 28 | 5 5 5 33 20 Most Carried 21 | 5 4 5 21 20 Average Carried 13 | 1 3 3 15 19 Final Capacity 20 | 5 5 5 20 20 Final Carried 20 | 4 2 4 20 18 Class Distribution -------------------- 75% | Hauler-Mutant 16% | Mutant 8% | Scavenger-Mutant Dominant Class ---------------- Mutant | -10/Materials Mutant | -10/Mines Hauler-Mutant | -10/Exiles Scavenger-Mutant | -9/Mines Resources | -11 -10 -10 -10 -9 ----------- Run | Yrd Mat Min Exi Min Matter Collected 1711 | 266 73 147 1126 99 Remotely . | . . . . . Salvage Created 593 | 96 172 226 . 99 Parts 45 | 10 10 23 . 2 Haulers Intercepted . | . . . . . Recyclers Shooed . | . . . . . Parts Field Recycled . | . . . . . Retrieved Matter . | . . . . . Parts Self-Destructed . | . . . . . Prevented . | . . . . . Kills | -11 -10 -10 -10 -9 ------- Run | Yrd Mat Min Exi Min Combat Hostiles Destroyed 12 | 1 2 7 . 2 Guns 5 | 1 . 3 . 1 Cannons 5 | . 2 3 . . AOE 1 | . . 1 . . Classes Destroyed 6 | 3 2 1 . . Worker 1 | 1 . . . . Builder 3 | . 2 1 . . Tunneler 3 | 2 . 1 . . Recycler 1 | . 1 . . . Swarmer 3 | . . 3 . . Grunt 9 | 1 2 4 . 2 Best Kill Streak 6 | 2 2 6 . 2 Combat Bots Only 5 | 1 2 5 . 2 Max Kills in Single Turn 2 | 1 1 2 . 1 Gunslinging . | . . . . . Exploded 1 | . . 1 . . Melee . | . . . . . Uniques/NPCs Destroyed . | . . . . . Combat | -11 -10 -10 -10 -9 -------- Run | Yrd Mat Min Exi Min Hostile Shots Fired 92 | 4 33 21 . 34 Missed 26 | . 9 8 . 9 Damage Taken 1205 | 45 335 156 . 669 Core 250 | . 76 27 . 147 Absorbed by Shields . | . . . . . Redirected to Shielding 10 | . . 10 . . Core Remaining (%) 100 | 100 . . . . Volleys Fired 67 | 14 17 25 . 11 Largest 2 | 2 2 2 . 2 Hottest 200 | 40 200 125 . 125 Shots Fired 118 | 28 30 41 . 19 Gun 91 | 28 24 29 . 10 Cannon 19 | . . 12 . 7 Launcher 2 | . . . . 2 Special 6 | . 6 . . . Kinetic 68 | 28 24 16 . . Thermal 46 | . 6 25 . 15 Explosive 2 | . . . . 2 Electromagnetic 2 | . . . . 2 Robot Hit Streak 14 | 7 14 4 . 6 Robot Miss Streak 3 | 3 3 2 . 3 Penetration Max . | . . . . . Secondary Targets 1 | . . 1 . . Max Gunslinging Chain 1 | . . 1 . . Shots Hit Robots 74 | 18 19 24 . 13 Core Hits 33 | 6 10 12 . 5 Critical Kills . | . . . . . Critical Parts Destroyed . | . . . . . Critical Strikes . | . . . . . Melee Attacks . | . . . . . Impact . | . . . . . Slashing . | . . . . . Piercing . | . . . . . Sneak Attacks . | . . . . . Combat Hostiles . | . . . . . Follow-up Attacks . | . . . . . Damage Inflicted 1170 | 197 200 517 . 256 Guns 639 | 197 152 186 . 104 Cannons 261 | . . 175 . 86 Explosions 222 | . . 156 . 66 Melee . | . . . . . Ramming . | . . . . . Kinetic 440 | 197 152 91 . . Thermal 652 | . 48 426 . 178 Explosive 66 | . . . . 66 Electromagnetic 12 | . . . . 12 Impact . | . . . . . Slashing . | . . . . . Piercing . | . . . . . Highest Corruption . | . . . . . Average Corruption . | . . . . . Corruption Purged . | . . . . . Corruption Blocked . | . . . . . Overload Shots . | . . . . . Overflow Damage 16 | . . 16 . . Projectiles 16 | . . 16 . . Explosions . | . . . . . Melee . | . . . . . Knockbacks . | . . . . . Impact . | . . . . . Kinetic . | . . . . . Secondary . | . . . . . Self-Inflicted Damage 22 | . . . . 22 Shots 1 | . . . . 1 Rammed . | . . . . . Targets Rammed . | . . . . . Kicked . | . . . . . Crushed . | . . . . . Highest Temperature 477 | 6 142 453 . 477 Average Temperature 151 | 6 65 170 . 203 Received Heat Transfer 372 | 24 192 93 . 63 Effects 8 | . . 3 . 5 Shutdowns 2 | . . 2 . . Energy Bleed 1 | . . . . 1 Matter Decay 1 | . . 1 . . Damage (major) 4 | . . . . 4 Siege Activations . | . . . . . Robots Corrupted . | . . . . . Combat Hostiles . | . . . . . Parts Fried . | . . . . . Impact Corruptions . | . . . . . Robots Melted 1 | . . . . 1 Combat Hostiles 1 | . . . . 1 Parts Melted 1 | . . . . 1 Heat Transferred 1299 | . 100 792 . 407 Parts Sabotaged . | . . . . . Parts Stolen . | . . . . . Parts Stripped . | . . . . . Power Chain Reactions . | . . . . . Alert | -11 -10 -10 -10 -9 ------- Run | Yrd Mat Min Exi Min Peak Influence 291 | 35 122 291 . 57 Initial 43 | . 22 43 . . Average 62 | 14 61 86 . 42 Maximum Alert Level 1 | . . 1 . . Low Security (%) 96 | 100 100 92 . 100 Level 1 3 | . . 7 . . Level 2 . | . . . . . Level 3 . | . . . . . Level 4 . | . . . . . Level 5 . | . . . . . High Security . | . . . . . Max Security . | . . . . . Squads Dispatched 2 | . 2 . . . Investigation 1 | . 1 . . . Extermination . | . . . . . Reinforcement 1 | . 1 . . . Assault . | . . . . . Garrison . | . . . . . Intercept . | . . . . . Searches Triggered . | . . . . . Construction Impeded . | . . . . . Haulers Reinforced . | . . . . . Active Scanning Responses . | . . . . . Cargo Convoy Interrupts . | . . . . . Stealth | -11 -10 -10 -10 -9 --------- Run | Yrd Mat Min Exi Min Distress Signals 1 | . 1 . . . Communications Jammed . | . . . . . Distress Signals . | . . . . . Times Spotted 25 | 1 11 7 . 6 Peak Tracking Total 6 | 1 6 3 . 3 Tactical Retreats . | . . . . . Traps | -11 -10 -10 -10 -9 ------- Run | Yrd Mat Min Exi Min Traps Triggered 2 | . 2 . . . Indirectly . | . . . . . Trap Hack Attempts . | . . . . . Triggered . | . . . . . Disarmed . | . . . . . Reprogrammed . | . . . . . Reused . | . . . . . Traps Extracted . | . . . . . Installed . | . . . . . Triggered . | . . . . . Machines | -11 -10 -10 -10 -9 ---------- Run | Yrd Mat Min Exi Min Machines Disabled 4 | . . 4 . . Max in Single Turn 4 | . . 4 . . Machines Repaired . | . . . . . Machines Dismantled . | . . . . . Machines Sabotaged . | . . . . . Overloaded Fab Kills . | . . . . . Hacking | -11 -10 -10 -10 -9 --------- Run | Yrd Mat Min Exi Min Machines Accessed 3 | . . . 3 . Terminals . | . . . . . Fabricators . | . . . . . Repair Stations . | . . . . . Recycling Units . | . . . . . Scanalyzers . | . . . . . Garrison Access . | . . . . . Total Hacks 9 | . . . 9 . Successful 9 | . . . 9 . Failed . | . . . . . Catastrophic . | . . . . . Database Lockouts . | . . . . . Manual 3 | . . . 3 . Terminals . | . . . . . Fabricators . | . . . . . Repair Stations . | . . . . . Recycling Units . | . . . . . Scanalyzers . | . . . . . Garrison Access . | . . . . . Terminal Hacks 9 | . . . 9 . Record 8 | . . . 8 . Derelict Proto ID Bank 1 | . . . 1 . Fabricator Hacks . | . . . . . Repair Station Hacks . | . . . . . Recycling Unit Hacks . | . . . . . Scanalyzer . | . . . . . Garrison Access Hacks . | . . . . . Unauthorized Hacks . | . . . . . Terminals . | . . . . . Fabricators . | . . . . . Repair Stations . | . . . . . Recycling Units . | . . . . . Scanalyzers . | . . . . . Garrison Access . | . . . . . Data Cores Recovered . | . . . . . Used . | . . . . . Hacking Detections . | . . . . . Full Trace Events . | . . . . . Feedback Events . | . . . . . Feedback Blocked . | . . . . . Robot Schematics Acquired . | . . . . . Robots Built . | . . . . . Authchips . | . . . . . Time . | . . . . . Total Robot Build Rating . | . . . . . Part Schematics Acquired . | . . . . . Parts Built . | . . . . . Authchips . | . . . . . Time . | . . . . . Total Part Build Rating . | . . . . . Parts Repaired . | . . . . . Time . | . . . . . Parts Recycled . | . . . . . Recycled Matter . | . . . . . Retrieved Matter . | . . . . . Retrieved Components . | . . . . . Parts Scanalyzed . | . . . . . Part Schematics Acquired . | . . . . . Parts Damaged . | . . . . . Bothacking | -11 -10 -10 -10 -9 ------------ Run | Yrd Mat Min Exi Min Used RIF Installer . | . . . . . Robots Hacked . | . . . . . Non-combat . | . . . . . Combat . | . . . . . Robot Hacks Applied . | . . . . . Relay Couplers Released . | . . . . . Fabnet Peak Effective % . | . . . . . Robots Rewired . | . . . . . Allies Hacked . | . . . . . Hacks Repelled . | . . . . . Allies | -11 -10 -10 -10 -9 -------- Run | Yrd Mat Min Exi Min Total Allies . | . . . . . Largest Group . | . . . . . Highest-Rated Group . | . . . . . Highest-Rated Ally . | . . . . . Total Orders . | . . . . . Ally Attacks . | . . . . . Total Damage . | . . . . . Kills . | . . . . . Allies Corrupted . | . . . . . Allies Melted . | . . . . . Intel | -11 -10 -10 -10 -9 ------- Run | Yrd Mat Min Exi Min Robot Analysis Total . | . . . . . Derelict Logs Recovered 1 | . . 1 . . Drone Launches . | . . . . . Drone Recoveries . | . . . . . Exploration | -11 -10 -10 -10 -9 ------------- Run | Yrd Mat Min Exi Min Turns Passed 5645 | 159 257 416 4699 114 Spaces Moved 1244 | 95 120 278 723 28 Core 42 | 42 . . . . Treads . | . . . . . Legs 1202 | 53 120 278 723 28 Wheels . | . . . . . Hover . | . . . . . Flight . | . . . . . Fastest Speed 50 | 50 120 120 120 260 Average Speed 425 | 89 120 120 644 267 Slowest Speed 820 | 120 120 120 820 470 Overloaded Moves . | . . . . . Propulsion Burnouts . | . . . . . Robots Hopped . | . . . . . Cave-ins Triggered . | . . . . . Exploration Rate (%) 40 | 7 26 68 94 6 Regions Visited 4 Branch Regions 3 Pre-discovered Areas 1 | . . 1 . . Known Exits Taken . | . . . . . Unknown Exits Taken 4 | 1 1 1 1 . Scrap Searched 1 | . . 1 . . Spaces Dug . | . . . . . Terrain Destroyed 36 | . . 18 . 18 Melee . | . . . . . Projectile . | . . . . . AOE 36 | . . 18 . 18 Terrain Rammed . | . . . . . Walls Destroyed . | . . . . . Machines Disabled . | . . . . . Actions | -11 -10 -10 -10 -9 --------- Run | Yrd Mat Min Exi Min Total 1473 | 144 192 319 768 50 Wait 74 | 17 51 4 . 2 Move 1240 | 94 119 277 722 28 Hop . | . . . . . Pick Up 52 | 10 . 4 37 1 Fast Attach 2 | 1 . 1 . . Attach 14 | 7 1 1 3 2 Detach 1 | 1 . . . . Swap 11 | . 3 5 . 3 Drop 12 | . 1 2 6 3 Fire 67 | 14 17 25 . 11 Melee . | . . . . . Ram . | . . . . . Kick . | . . . . . Crush . | . . . . . Escape Stasis . | . . . . . Rewire . | . . . . . Trap . | . . . . . Miscellaneous . | . . . . . Route ------- -11/Scrapyard -10/Materials -10/Mines (discovered 2 exits: [*Mat] / *Exi) -10/Exiles (discovered 2 exits: [*Min x2]) -9/Mines History --------- Turn | Location | Event 2 | -11/Scrapyard | Met Revision 17 78 | -11/Scrapyard | Discovered new exit (range 8) 160 | -11/Scrapyard | Entered Materials 377 | -10/Materials | Discovered new exit (range 14) 417 | -10/Materials | Entered Mines 434 | -10/Mines | Discovered new exit (range 10) 506 | -10/Mines | Learned location of Mines (-9) 577 | -10/Mines | Build established: Mutant 827 | -10/Mines | Deemed a non-threat by the Exiles lab entrance 828 | -10/Mines | Discovered new exit (range 5) 833 | -10/Mines | Entered Exiles 851 | -10/Exiles | Discovered new exit (range 15) 866 | -10/Exiles | Met 8R-AWN 887 | -10/Exiles | Met EX-HEX 1189 | -10/Exiles | Met EX-DEC 1240 | -10/Exiles | Build established: Hauler-Mutant 1518 | -10/Exiles | Visited The Gauntlet 3150 | -10/Exiles | Discovered new exit (range 14) 3839 | -10/Exiles | Met EX-BIN 4585 | -10/Exiles | Aligned with FarCom system 4593 | -10/Exiles | Given EX-Vault access code 5118 | -10/Exiles | Opened EX-Vault 5151 | -10/Exiles | Found Prototype Device 5198 | -10/Exiles | Identified Skeleton Box 5334 | -10/Exiles | Warned to stay clear of 0b10 Research branches 5492 | -10/Exiles | Build established: Mutant 5532 | -10/Exiles | Left Exiles lab with Skeleton Box 5532 | -10/Exiles | Entered Mines 5556 | -9/Mines | Assembled infested the area 5561 | -9/Mines | Assisted by a Guerilla fighting off Assembled 5583 | -9/Mines | YI-UF0 nonchalantly dropped a Grenade Launcher on the ground 5628 | -9/Mines | Core integrity fell below 50% 5640 | -9/Mines | Core integrity fell below 20% 5646 | -9/Mines | Destroyed by YI-UF0 with YI-UF0's Doublenader Last Messages --------------- 05611_ as-83830 destroyed. 05611_ as-13646 destroyed. 05612_ YI-UF0: "Whaaaaaaaa!" 05630_ The unstable cave ceiling collapses. 05631_ YI-UF0: "BAROOM!" 05631_ as-49051 destroyed. 05631_ Core Extractor disabled. 05633_ Aluminum Leg destroyed. 05635_ YI-UF0 mumbles something. 05635_ The unstable cave ceiling collapses. 05635_ Particle Gun destroyed. 05635_ Aluminum Leg destroyed. 05635_ Lgt. Nuclear Core destroyed. 05636_ YI-UF0 mumbles something. 05637_ The unstable cave ceiling collapses. 05639_ Grenade Launcher destroyed. 05641_ The unstable cave ceiling collapses. 05643_ EM Pulse Gun destroyed. 05644_ The unstable cave ceiling collapses. 05646_ Beam Cannon destroyed. Map ----- +----------------------------------------------------+ | | | | | | | | | | | | | | | | | | | | | | | | | | | | | | | | | | | | | ??????????????????????????#####??????????????????? | | ??????????????????##?????? ##?????????????????? | | ?????????????????## ?#### ##????????????????? | | ???????????####### # #????????????????? | | ??????????? #????????????????? | | ???????????? #????????????????? | | ????????????????# #?????????????????? | | ????????????????# @ #?????????????????? | | ?????????????????# # #?????????????????? | | ????????????????????# #?????????????????? | | ????????????????????## # #????????????????? | | ?????????????????????## # g ##????????????????? | | ??????????????????????## #????????????????? | | ???????????????????????## # #????????????????? | | ????????????????????????# # ##????????????????? | | ????????????????????????## #?????????????????? | | ????????????????????????# ?????????????????? | | ????????????????????????## ????????????????? | | ?????????????????????????# #????????????????? | | ?????????????????????????# ????????????????? | | ????????????????????????? ????????????????? | | ?????????????????????????## # # ???????????????? | | ??????????????????????????####### ???????????????? | | ?????????????????????????????????? ??????????????? | | ?????????????????????????????????????????????????? | | ?????????????????????????????????????????????????? | | ?????????????????????????????????????????????????? | | ?????????????????????????????????????????????????? | | ?????????????????????????????????????????????????? | | ?????????????????????????????????????????????????? | | ?????????????????????????????????????????????????? | | ?????????????????????????????????????????????????? | +----------------------------------------------------+ Best States ------------- Heat Dissipation 35 Energy Generation 14 Energy Capacity 160 Matter Stores 300 Matter Capacity 450 Sight Range 16 Terrain Scan Range 16 Terrain Scan Density 10 Weapon Shielding 33 Evasion (%) 55 Item Schematics ----------------- None Robot Schematics ------------------ None Fabricated ------------ Nothing Alien Tech Used ----------------- None Achievements -------------- It's Just You Risk Taker Tank Tourist Challenges ------------ None Game ------ Seed AngularModifiedFlakker Manual? 0 Play Time 00:28:35 Cumulative 1.0 hours Start 2025.05.02 @ 14:21:31 End 2025.05.02 @ 14:48:04 Sessions 1 Manual Loads 0 Difficulty Rogue Special Mode None Game No. 3 Rogue 3 Adventurer 0 Explorer 0 Win Type - Total 0 Types 0/0/0/0/0/0/0/0/0 Lore% 2 Gallery% 2 Achievement% 3 Wizard Run 0 Options --------- Layout 1 ASCII 0 Keyboard 0 Movement Mouse Keybinds 0 Fullscreen 1 Font 24/Smallcaps Map View 50x35 Zoom Use 0% Tactical HUD 1 Map Filters NONE Filters NONE Steam 1 RUN: 849654f9-d988-4387-b919-e698a00fed12